 Dungeon Crawl Stone Soup version 0.23.0 (webtiles) character file.

Game seed: 6330883557241295864

22045 Lavandula the Grappler (level 12, -6/118 HPs)
             Began as a Troll Wanderer on Feb 16, 2019.
             Was an Elder of Cheibriados.
             Mangled by Rupert
             ... wielding a +2 great sword of holy wrath
              (31 damage)
             ... on level 13 of the Dungeon.
             The game lasted 00:23:31 (10023 turns).

Lavandula the Grappler (Troll Wanderer)            Turns: 10023, Time: 00:23:32

Health: -6/118     AC: 16    Str: 42    XL:     12   Next: 59%
Magic:  0/18       EV: 13    Int: 15    God:    Cheibriados [****..]
Gold:   173        SH:  0    Dex: 21    Spells: 10/13 levels left

rFire    x . .     SeeInvis .     - Unarmed
rCold    + + .     Gourm    +   (no shield)
rNeg     . . .     Faith    .   t - +0 ice dragon scales
rPois    .         Spirit   +   l - +2 hat
rElec    .         Reflect  .   b - +0 cloak
rCorr    .         Harm     .   (gloves unavailable)
MR       .....                  (boots unavailable)
Stlth    ..........             T - amulet of guardian spirit
HPRegen  0.69/turn              C - +2 ring of dexterity
MPRegen  0.16/turn              g - +5 ring of strength

@: very slow
A: large, unfitting armour, claws 3, fast metabolism 3, gourmand, regeneration
1, shaggy fur 1, tough skin 3
a: Bend Time, Temporal Distortion, Slouch, Renounce Religion


You were on level 13 of the Dungeon.
You worshipped Cheibriados.
Cheibriados was greatly pleased with you.
You were very full.

You visited 2 branches of the dungeon, and saw 14 of its levels.
You also visited: Sewer.

You collected 805 gold pieces.
You spent 632 gold pieces at shops.

Inventory:

Hand Weapons
 d - a +0 blowgun
 L - the +6 spear "Plojy" {pain, Int+2 Dex+4, unknown}
   (You found it on level 6 of the Dungeon)

   In the hands of one skilled in necromantic magic, it inflicts extra damage on
   living creatures.
   It affects your intelligence (+2).
   It affects your dexterity (+4).
 N - a +4 blowgun
Missiles
 c - 51 poisoned needles
 y - 9 curare-tipped needles
Armour
 b - a +0 cloak (worn)
 l - a +2 hat (worn)
 t - +0 ice dragon scales (worn)
 Y - a +0 troll leather armour
Jewellery
 g - a +5 ring of strength (right claw)
 C - a +2 ring of dexterity (left claw)
 R - an uncursed amulet of faith {unknown}
 S - an uncursed ring of flight {unknown}
 T - an amulet of guardian spirit (around neck)
 V - an uncursed ring of protection from fire {unknown}
 X - an uncursed ring of ice {unknown}
 Z - an uncursed ring of flight {unknown}
Wands
 A - a wand of enslavement (8)
 K - a wand of flame (24)
 M - a wand of polymorph (19)
 W - a wand of disintegration (7)
Scrolls
 i - 6 scrolls of identify {unknown}
 m - 4 scrolls of magic mapping {unknown}
 n - a scroll of immolation {unknown}
 p - 9 scrolls of teleportation {unknown}
 q - a scroll of random uselessness {unknown}
 s - 6 scrolls of remove curse {unknown}
 w - 2 scrolls of noise {unknown}
 x - a scroll of amnesia {unknown}
 B - 3 scrolls of fear {unknown}
 E - 3 scrolls of enchant armour {unknown}
 F - 3 scrolls of blinking {unknown}
 H - 2 scrolls of enchant weapon {unknown}
 J - a scroll of holy word {unknown}
 O - a scroll of fog {unknown}
Potions
 a - 3 potions of berserk rage {unknown}
 e - a potion of heal wounds
 h - 2 potions of ambrosia {unknown}
 j - 3 potions of magic {unknown}
 k - 2 potions of haste {unknown}
 o - 4 potions of might
 r - 6 potions of curing
 u - a potion of resistance {unknown}
 v - 6 potions of flight {unknown}
 z - a potion of cancellation {unknown}
 D - a potion of agility
 G - a potion of brilliance {unknown}
 I - a potion of lignification {unknown}
 Q - 2 potions of mutation {unknown}
Miscellaneous
 U - a fan of gales (inert)
Comestibles
 f - 21 rations


   Skills:
 - Level 7.2 Fighting
 - Level 1.0 Throwing
 - Level 6.0 Dodging
 - Level 12.9 Unarmed Combat
 - Level 1.0 Spellcasting
 - Level 3.2 Necromancy
 - Level 5.3 Translocations
 + Level 9.6 Invocations
 - Level 1.0 Evocations


You had 10 spell levels left.
You knew the following spells:

 Your Spells              Type           Power        Failure   Level  Hunger
a - Animate Skeleton      Necr           N/A          13%         1    ##.....
b - Blink                 Tloc           N/A          9%          2    ###....

Your spell library contained the following spells:

 Spells                   Type           Power        Failure   Level  Hunger
 Pain                     Necr           ##..         13%         1    ##.....
 Vampiric Draining        Necr           ##........   36%         3    ####...
 Magic Dart               Conj           #...         43%         1    ##.....
 Call Imp                 Summ           #.......     58%         2    ###....
 Searing Ray              Conj           #.....       58%         2    ###....
 Slow                     Hex            #.......     58%         2    ###....
 Regeneration             Chrm/Necr      #.........   58%         3    ####...
 Animate Dead             Necr           N/A          77%         4    #####..
 Conjure Flame            Conj/Fire      #.......     82%         3    ####...
 Mephitic Cloud           Conj/Pois/Air  #.......     82%         3    ####...
 Throw Icicle             Conj/Ice       #.......     99%         4    #####..
 Blade Hands              Tmut           #.........   100%        5    ######.


Dungeon Overview and Level Annotations

Branches:
Dungeon (13/15)            Temple (1/1) D:6             Orc (0/2) D:10
 Vaults (0/5) D:13
   Lair: D:8-11

Altars:
Ashenzari
Cheibriados
Dithmenos
Elyvilon
Fedhas
Gozag
Hepliaklqana
Kikubaaqudgha
Makhleb
Nemelex Xobeh
Okawaru
Qazlal
Ru
Sif Muna
Trog
Uskayaw
Vehumet
Wu Jian
Xom
Yredelemnul
Zin
The Shining One

Shops:
D:7 :[(   D:10 (   D:12 (!

Annotations:
D:12 2 runed translucent doors, Jatast's ghost, journeyman DDFi
D:13 Rupert


Innate Abilities, Weirdness & Mutations

You are too large for most types of armour.
You have claws for hands.
Your metabolism is lightning-fast.
You like to eat raw meat.
Your natural rate of healing is unusually fast.
You are covered in fur. (AC +1)
You have extremely tough skin. (AC +3)


Message History

You feel somewhat less full.
Cheibriados lowers the support of your attributes as your movement quickens.
Rupert hits you with a +2 great sword of holy wrath!!
Unknown command.
You eviscerate Rupert!!! You claw Rupert.
Rupert is severely wounded.
Rupert hits you but does no damage.
A kobold comes into view. It is wielding a +0 club.
You barely miss Rupert.
Rupert is severely wounded.
Rupert hits you with a +2 great sword of holy wrath!
* * * LOW HITPOINT WARNING * * *
You barely miss Rupert.
Rupert is severely wounded.
Rupert hits you with a +2 great sword of holy wrath!
* * * LOW HITPOINT WARNING * * *
You mangle Rupert!!
Rupert is almost dead.
Rupert hits you with a +2 great sword of holy wrath!!
You die...

#..# #..# #........
##..# #....?... ....##
#........ .....#
#........ ###..##
#........ ##..##
#........ ##..##
######.)).....
##..######..@@)()K.....
##...........####)......
#......####### .......
##........## .......
##..........# #....##
#....<......# #####
##...........#
#...........## ###
#........)..# #..#


You could see Rupert (berserk) and a kobold.

Vanquished Creatures
  Frances (D:13)
  An ironheart preserver (D:13)
  Nessos (D:13)
  Erolcha (D:10)
  A death knight (D:12)
  2 two-headed ogres
  Sonja (D:12)
  An ugly thing (D:12)
  A cyclops (D:12)
  3 centaur zombies (D:13)
  2 gargoyles
  An orange demon (D:11)
  A komodo dragon (D:12)
  A tengu conjurer (D:10)
  The ghost of Uhlv the Chopper, an amateur MiWn of Ru (D:4)
  4 trolls
  12 slime creatures
  Grinder (D:5)
  2 hippogriffs
  11 yaks
  A shadow (D:12)
  A hungry ghost (D:7)
  The ghost of Raclure the Sneak, an amateur SpAs (D:3)
  A sky beast (D:6)
  3 ice beasts
  7 orc warriors
  An eye of draining (D:10)
  A boggart (D:13)
  7 ogres
  2 phantoms
  4 centaurs
  5 big kobolds
  Blork the orc (D:5)
  4 bullfrogs
  A wyvern skeleton (D:8)
  3 scorpions
  6 killer bees (D:9)
  4 wights (D:8)
  2 howler monkeys (D:12)
  5 crimson imps
  7 quasits
  A bullfrog zombie (D:11)
  9 hounds
  14 orc wizards
  7 orc priests
  4 jellies
  3 bullfrog skeletons
  6 centaur skeletons
  Natasha (twice) (D:2)
  2 iguanas
  8 worker ants
  A killer bee zombie (D:6)
  3 worker ant zombies
  6 gnolls (D:4)
  11 adders
  4 shadow imps
  2 oozes
  An adder skeleton (D:6)
  7 worms
  A dart slug (D:1)
  3 leopard geckos
  61 orcs
  2 ball pythons
  15 bats
  8 giant cockroaches
  11 goblins
  7 hobgoblins
  15 jackals
  15 kobolds
  5 quokkas
  11 frilled lizards
  A giant cockroach zombie (D:5)
  A jackal skeleton (D:6)
  8 rats
371 creatures vanquished.

Vanquished Creatures (collateral kills)
  A slime creature (D:12)
  An orc wizard (D:12)
2 creatures vanquished.

Vanquished Creatures (others)
  A slime creature (D:13)
  15 plants (D:11)
16 creatures vanquished.

Grand Total: 389 creatures vanquished

Notes
Turn   | Place    | Note
-------+----------+-------------------------------------------
     0 | D:1      | Lavandula the Troll Wanderer began the quest for the Orb.
     0 | D:1      | Lavandula set off with the following items: a +0 mace, 8
                  | poisoned needles, a +0 blowgun, a +0 robe, 2 rations; and
                  | the following spells available to memorise: Animate
                  | Skeleton, Pain, Vampiric Draining, Regeneration, Animate
                  | Dead
     0 | D:1      | Reached XP level 1. HP: 19/19 MP: 1/1
    46 | D:1      | Learned a level 1 spell: Animate Skeleton
    67 | D:1      | Reached skill level 1 in Unarmed Combat
   173 | D:1      | Reached XP level 2. HP: 27/27 MP: 2/2
   275 | D:1      | Reached skill level 2 in Unarmed Combat
   478 | D:1      | Reached XP level 3. HP: 28/33 MP: 3/3
   675 | D:2      | Reached skill level 3 in Unarmed Combat
   738 | D:2      | Noticed Natasha
   751 | D:2      | Killed Natasha
   751 | D:2      | Reached skill level 4 in Unarmed Combat
   751 | D:2      | Reached XP level 4. HP: 41/41 MP: 4/4
   793 | D:2      | Noticed Natasha
   801 | D:2      | Killed Natasha
   860 | D:2      | Reached XP level 5. HP: 47/48 MP: 5/5
  1168 | D:3      | Found a runed translucent gate.
  1168 | D:3      | Found a runed translucent gate.
  1169 | D:3      | Found a runed translucent gate.
  1177 | D:3      | Reached skill level 5 in Unarmed Combat
  1178 | D:3      | Noticed Raclure's ghost (amateur SpAs)
  1194 | D:3      | Killed Raclure's ghost
  1194 | D:3      | Reached skill level 6 in Unarmed Combat
  1194 | D:3      | Reached XP level 6. HP: 48/55 MP: 6/6
  1887 | D:4      | Reached skill level 7 in Unarmed Combat
  1969 | D:4      | Reached XP level 7. HP: 57/62 MP: 7/7
  2329 | D:4      | Found a transporter.
  2331 | D:4      | Noticed Uhlv's ghost (amateur MiWn)
  2342 | D:4      | Reached skill level 8 in Unarmed Combat
  2390 | D:4      | Found a transporter.
  2455 | D:4      | Killed Uhlv's ghost
  2455 | D:4      | Reached skill level 9 in Unarmed Combat
  2455 | D:4      | Reached XP level 8. HP: 67/70 MP: 8/8
  2520 | D:4      | Noticed a hippogriff
  2532 | D:4      | Killed a hippogriff
  2832 | D:5      | Entered Level 5 of the Dungeon
  2833 | D:5      | Found a glowing drain.
  2858 | Sewer    | Entered a sewer
  3008 | Sewer    | Reached skill level 10 in Unarmed Combat
  3367 | D:5      | Noticed Blork the orc
  3374 | D:5      | Killed Blork the orc
  3600 | D:5      | Noticed Grinder
  3612 | D:5      | Killed Grinder
  4105 | D:6      | Reached skill level 5 in Dodging
  4222 | D:6      | Found a staircase to the Ecumenical Temple.
  4229 | D:6      | Reached XP level 9. HP: 76/76 MP: 9/9
  4233 | Temple   | Entered the Ecumenical Temple
  4419 | D:6      | Got a transparent spear
  4510 | D:6      | Identified Micuuf's Compendium of Hurtful Moulding
  4733 | D:7      | Found Xutiti's Armour Boutique.
  4756 | D:7      | Found a shadowy altar of Dithmenos.
  5029 | D:7      | Found Temmugic's Antique Weapon Emporium.
  5041 | D:7      | Bought a glowing blowgun for 154 gold pieces
  5166 | D:7      | Found Vekk's Book Shop.
  5191 | D:7      | Bought a book of Minor Magic for 240 gold pieces
  5194 | D:7      | Learned a level 2 spell: Blink
  5647 | D:8      | Reached skill level 5 in Fighting
  6289 | D:9      | Noticed a two-headed ogre
  6301 | D:9      | Reached XP level 10. HP: 95/100 MP: 10/10
  6304 | D:9      | Killed a two-headed ogre
  6798 | Temple   | Became a worshipper of Cheibriados the Contemplative
  6904 | D:10     | Entered Level 10 of the Dungeon
  6923 | D:10     | Noticed a two-headed ogre
  6927 | D:10     | Noticed Erolcha
  7045 | D:10     | Reached skill level 11 in Unarmed Combat
  7059 | D:10     | Reached skill level 1 in Invocations
  7144 | D:10     | Found Terchajale's Weapon Boutique.
  7218 | D:10     | Killed Erolcha
  7246 | D:10     | Reached * piety under Cheibriados
  7275 | D:10     | Reached XP level 11. HP: 109/109 MP: 13/13
  7332 | D:10     | Found a staircase to the Orcish Mines.
  7365 | D:10     | Reached ** piety under Cheibriados
  7582 | D:10     | Reached skill level 5 in Invocations
  7589 | D:10     | Killed a two-headed ogre
  8004 | D:12     | Reached skill level 1 in Translocations
  8007 | D:12     | Reached *** piety under Cheibriados
  8026 | D:12     | Noticed a death knight
  8039 | D:12     | Killed a death knight
  8148 | D:12     | Noticed Sonja
  8152 | D:12     | Killed Sonja
  8250 | D:12     | Noticed a white ugly thing
  8255 | D:12     | Killed a white ugly thing
  8507 | D:12     | Reached skill level 5 in Translocations
  8511 | D:12     | Reached **** piety under Cheibriados
  8587 | D:12     | Reached skill level 12 in Unarmed Combat
  8614 | D:12     | Found Oriuxygi's Distillery.
  8781 | D:12     | Bought a potion of heal wounds for 70 gold pieces
  8781 | D:12     | Bought a potion of degeneration for 14 gold pieces
  8782 | D:12     | Bought a potion of curing for 42 gold pieces
  8782 | D:12     | Bought 2 potions of might for 112 gold pieces
  8846 | D:12     | Found Jyph's Weapon Emporium.
  8943 | D:12     | Found a large runed translucent door.
  8943 | D:12     | Found a large runed translucent door.
  9049 | D:12     | Noticed Jatast's ghost (journeyman DDFi)
  9114 | D:13     | Noticed Nessos
  9128 | D:13     | Killed Nessos
  9128 | D:13     | Reached XP level 12. HP: 29/118 MP: 5/15
  9546 | D:13     | Found a bloodstained altar of Trog.
  9674 | D:13     | Found a gate to the Vaults.
  9674 | D:13     | Noticed an ironheart preserver
  9674 | D:13     | Noticed Frances
  9686 | D:13     | Killed an ironheart preserver
  9696 | D:13     | Killed Frances
 10011 | D:13     | Noticed Rupert
 10023 | D:13     | Mangled by Rupert

Skill      XL: |  1  2  3  4  5  6  7  8  9 10 11 12 |
---------------+-------------------------------------+-----
Unarmed Combat | 1 2 4 6 7 9 10 11 12 | 12.9
Dodging        | 5 6 |  6.0
Fighting       | 6 7 |  7.2
Invocations    | 4 6 9 |  9.6
Translocations | 5 |  5.3
Throwing       | |  1.0
Spellcasting   | |  1.0
Necromancy     | |  3.2
Evocations     | |  1.0

Action                   |  1- 3 |  4- 6 |  7- 9 | 10-12 || total
-------------------------+-------+-------+-------+-------++-------
Melee: Unarmed           |   111 |   172 |   360 |   403 ||  1046
       Mace              |    11 |       |       |       ||    11
       Punch             |     1 |     3 |    12 |    35 ||    51
 Fire: Blowgun           |       |       |     1 |     6 ||     7
 Cast: Animate Skeleton  |       |       |       |     7 ||     7
Invok: Temporal Distorti |       |       |       |     2 ||     2
       Slouch            |       |       |       |     2 ||     2
Evoke: Wand              |       |       |       |     8 ||     8
       Fan of gales      |       |       |       |     1 ||     1
 Stab: Sleeping          |     1 |       |       |       ||     1
  Eat: Chunk             |    11 |     7 |    40 |    33 ||    91
       Ration            |       |       |     1 |       ||     1
Armor: Robe              |    55 |       |       |       ||    55
       Ice dragon scales |    22 |   109 |   297 |   164 ||   592
Dodge: Dodged            |    64 |    55 |   191 |   231 ||   541
